Map: 2000 Atmospheres LE

Players

Bunny

  • Race: Terran Terran

SKillous - Winner!

  • Race: Protoss Protoss
  • League: Master

VOD

Have the link to the VOD?

Description

Time

  • Played on: Oct. 21, 2021, 10:25 a.m.
  • Length: 4:12
Show
View Real Time Build Order
Export as new Build Order

Bunny Terran 

Build Orders: Reaper Expand 

Get SALT Encoding   

  12  0:00  SCV  
  13  0:12  SCV  
  14  0:17  Supply Depot  
  14  0:24  SCV  
  15  0:38  SCV  
  15  0:39  Barracks  
  15  0:42  Refinery  
  16  0:51  SCV  
  17  1:03  SCV  
  18  1:15  SCV  
  19  1:26  Reaper  
  19  1:27  Orbital Command  
  20  1:38  Command Center  
  20  1:47  Supply Depot  
  20  1:53  SCV  
  21  1:58  Barracks Reactor  
  21  2:05  SCV  
  22  2:16  Command Center  
  22  2:19  SCV  
  23  2:27  Barracks  
  23  2:31  SCV  
  23  2:35  Marine x2  
  26  2:43  SCV  
  26  2:53  Marine x2  
  26  2:55  SCV  
  26  3:02  Bunker  
  26  3:09  Factory  
  26  3:11  Marine x2  
  28  3:13  Bunker  
  28  3:17  Orbital Command  
  27  3:20  Marine  
  25  3:29  Marine  
  25  3:32  Marine  
  25  3:38  Marine  
  25  3:47  Marine  
  24  3:50  Marine  
Show
View Real Time Build Order
Export as new Build Order

SKillous Protoss - Winner!

Build Orders: Proxy Void Ray 

Get SALT Encoding   

  12  0:09  Pylon  
  12  0:13  Probe  
  13  0:27  Gateway  
  13  0:30  Probe (Chrono Boost)  
  14  0:40  Assimilator  
  14  0:41  Probe (Chrono Boost)  
  15  0:45  Probe (Chrono Boost)  
  16  0:50  Assimilator  
  16  0:56  Probe  
  17  1:08  Probe  
  18  1:14  Cybernetics Core  
  18  1:21  Probe  
  18  1:24  Pylon  
  19  1:29  Zealot (Chrono Boost)  
  21  1:33  Probe  
  22  1:46  Probe  
  23  1:50  Stargate  
  23  1:53  Adept (Chrono Boost)  
  23  2:00  Probe  
  26  2:12  Probe  
  27  2:16  Adept  
  27  2:18  Pylon  
  28  2:27  Void Ray (Chrono Boost)  
  28  2:28  Probe  
  33  2:54  Pylon  
  33  2:57  Void Ray (Chrono Boost)  
  33  3:16  Shield Battery  
  33  3:17  Shield Battery  
  33  3:18  Shield Battery  
  33  3:32  Shield Battery, Void Ray (Chrono Boost)  
Tags
 
Add a new tag
Caveats
  • Supply blocks, unpowered buildings, or Contaminate may cause inaccurate times.
  • Supply counts are checked every 10 seconds.